 Dungeon Crawl Stone Soup version 0.30-a0-331-g8ab09dc110 (webtiles) character file.

Game seed: 5942880651119579658

9 Powertoast the Cudgeller (level 2, 29/29 HPs)
             Began as a Troll Berserker on Oct 29, 2022.
             Was a Follower of Trog.
             Quit the game on level 1 of the Dungeon.
             The game lasted 00:00:52 (297 turns).

Powertoast the Cudgeller (Troll Berserker)           Turns: 297, Time: 00:00:52

Health: 29/29      AC:  4    Str: 24    XL:     2   Next: 3%
Magic:  1/1        EV: 10    Int:  3    God:    Trog [*.....]
Gold:   14         SH:  0    Dex:  9    Spells: 1/1 levels left

rFire   . . .      SeeInvis .    a - +0 mace
rCold   . . .      Faith    .    (no shield)
rNeg    . . .      Spirit   .    b - +0 animal skin
rPois   .          Reflect  .    (helmet restricted)
rElec   .          Harm     .    (no cloak)
rCorr   .          Rampage  .    (gloves unavailable)
Will    .....                    (boots unavailable)
Stlth   +.........               (no amulet)
HPRegen 1.04/turn                (no ring)
MPRegen 0.07/turn                (no ring)

@: no status effects
A: large, unfitting armour, claws 3, regeneration 1, shaggy fur 1, tough skin 1
a: Renounce Religion, Berserk


You were on level 1 of the Dungeon.
You worshipped Trog.
Trog was aware of your devotion.
You visited 1 branch of the dungeon, and saw 1 of its levels.

You collected 14 gold pieces.

Inventory:

Hand Weapons
 a - a +0 mace (weapon)
Armour
 b - a +0 animal skin (worn)
Scrolls
 f - a scroll of amnesia {unknown}
Potions
 c - a potion of flight {unknown}
 d - a potion of ambrosia {unknown}
 e - 2 potions of haste {unknown}
 g - a potion of experience {unknown}


   Skills:
 + Level 2.5 Fighting
 * Level 3.0 Maces & Flails
 + Level 2.5 Dodging


You had one spell level left.
You didn't know any spells.
Your spell library was empty.

Dungeon Overview and Level Annotations

Branches:
Dungeon (1/15)

Altars:


Innate Abilities, Weirdness & Mutations

You are too large for most types of armour.
You have claws for hands.
Your natural rate of healing is unusually fast.
You are covered in fur. (AC +1)
You have tough skin. (AC +1)


Message History

You sock the ball python!
You kill the ball python!
Trog accepts your kill.
No target in view!
A jackal comes into view.
The jackal barks!
A jackal comes into view.
The jackal barks!
The jackal bites you.
You barely miss the jackal. The jackal bites you. x2
You closely miss the jackal. The jackal misses you.
The jackal bites you but does no damage. x2
You hit the jackal.
The jackal is heavily wounded.
The jackal bites you. The jackal closely misses you.
The jackal bites you but does no damage.
The jackal barely misses you.
You hit the jackal.
You kill the jackal!
Trog accepts your kill. The jackal closely misses you.
The jackal bites you but does no damage.
Your Maces & Flails skill increases to level 3!
You closely miss the jackal.
The jackal bites you but does no damage.
You barely miss the jackal.
The jackal bites you but does no damage.
The jackal closely misses you.
You closely miss the jackal.
The jackal bites you but does no damage. x2
You closely miss the jackal. The jackal closely misses you.
You thump the jackal!
You kill the jackal!
Trog accepts your kill.
You have reached level 2!
You see here a jackal corpse.
You open the door.
There is an open door here.
A jackal comes into view.
Are you sure you want to abandon this character and quit the game? (Confirm with "yes".)

... ... .#. ... ...
.#. ... ... .. ##.
...#. ###
####.#.#########..#
...
..................#
...
####....#..#####.##
... .........#.###
... ########.#..@#
### #.###....#
###### #.# ###...#
.....#### #.#
.#.h.. ........##
#.# # #..
###......# #.# #.#
. #####....###.#
#.# ....##....##.#
#.# ##..###....#.#
#.#


You could see a jackal.

Vanquished Creatures
  2 goblins (D:1)
  A hobgoblin (D:1)
  2 jackals (D:1)
  A quokka (D:1)
  A ball python (D:1)
  A frilled lizard (D:1)
8 creatures vanquished.

Notes
Turn   | Place    | Note
-------+----------+-------------------------------------------
     0 | D:1      | Powertoast the Troll Berserker began the quest for the Orb.
     0 | D:1      | Reached XP level 1. HP: 22/22 MP: 0/0
   251 | D:1      | Reached skill level 3 in Maces & Flails
   256 | D:1      | Reached XP level 2. HP: 29/29 MP: 1/1
   297 | D:1      | Quit the game

Illustrated notes

Levels and vault maps discovered:
D:1:      dpeg_arrival_snail, layout_basic

Skill      XL: |  1 |
---------------+----+-----
Maces & Flails | 3 |  3.0
Fighting       | |  2.5
Dodging        | |  2.5

Action                   || total
-------------------------++-------
Melee: Mace              ||    25
       Punch             ||     1
Armor: Animal skin       ||    15
Dodge: Dodged            ||    12

Table legend: (Time is in decaauts)
 A = Elapsed time spent in this place.
 B = Non-inter-level travel time spent in this place.
 C = Inter-level travel time spent in this place.
 D = Time resting spent in this place.
 E = Time spent auto-exploring this place.
 F = Levels seen in this place.
 G = Mean time per level.
                   A        B        C        D        E       F      G
               +--------+--------+--------+--------+--------+-----+--------+
         Total |    303 |    303 |      0 |      0 |    238 |   1 |  303.0 |
       Dungeon |    303 |    303 |      0 |      0 |    238 |   1 |  303.0 |
               +--------+--------+--------+--------+--------+-----+--------+

Top non-repeatable levels by time:
     D:1: 303 daAuts
